 Dungeon Crawl Stone Soup version 0.23-a0-329-g6f3f904 (webtiles) character file.

27 galech the Skirmisher (level 2, -2/24 HPs)
             Began as a Demonspawn Fighter on Oct 16, 2018.
             Slain by Robin
             ... wielding a +4 dagger of electrocution
              (15 damage)
             ... on level 2 of the Dungeon.
             The game lasted 00:00:59 (682 turns).

galech the Skirmisher (Demonspawn Fighter)           Turns: 682, Time: 00:01:00

Health: -2/24      AC: 11    Str: 16    XL:     2   Next: 93%
Magic:  2/2        EV:  2    Int:  9    God:
Gold:   64         SH:  8    Dex: 12    Spells: 1/1 levels left

rFire    . . .     SeeInvis .   a - +0 war axe
rCold    . . .     Gourm    .   c - +0 shield
rNeg     . . .     Faith    .   g - +0 plate armour
rPois    .         Spirit   .   (helmet restricted)
rElec    .         Reflect  .   (no cloak)
rCorr    .         Harm     .   (no gloves)
MR       .....                  (no boots)
Stlth    ..........             (no amulet)
HPRegen  0.08/turn              (no ring)
MPRegen  0.08/turn              l - ring of stealth

@: no status effects
A: antennae 1
a: no special abilities


You were on level 2 of the Dungeon.
You were not hungry.

You visited 1 branch of the dungeon, and saw 2 of its levels.

You collected 64 gold pieces.

Inventory:

Hand Weapons
 a - a +0 war axe (weapon)
Armour
 b - a +0 scale mail
 c - a +0 shield (worn)
 g - a +0 plate armour (worn)
Jewellery
 l - a ring of stealth (right hand)
Scrolls
 e - a scroll of remove curse
 j - 2 scrolls of amnesia {unknown}
 m - a scroll of fear {unknown}
Potions
 d - a potion of might
 i - a potion of curing {unknown}
 k - 2 potions of flight {unknown}
Comestibles
 f - 3 rations
 h - 2 chunks of flesh


   Skills:
 + Level 3.3 Fighting
 + Level 2.1 Axes
 + Level 3.1 Armour
 + Level 0.3 Dodging
 + Level 2.9 Shields


You had one spell level left.
You didn't know any spells.
Your spell library was empty.

Dungeon Overview and Level Annotations

Branches:
Dungeon (2/15)

Altars:
Wu Jian

Annotations:
D:2 Robin


Innate Abilities, Weirdness & Mutations

You have a pair of small antennae on your head.


Message History

Your shield and plate armour prevent you from hitting the goblin.
You block the goblin's attack.
Robin roars a battlecry!
The goblin hits you.
A goblin comes into view.
You slash the goblin!
You kill the goblin!
Your shield and plate armour prevent you from hitting the goblin.
The goblin hits you but does no damage.
Robin roars a battlecry!
You block the goblin's attack.
You slash the goblin!
You kill the goblin!
You hit the goblin.
You kill the goblin!
A goblin comes into view. It is wielding a +0 club.
Your shield and plate armour prevent you from hitting Robin.
Robin hits you but does no damage.
You are electrocuted!
Ouch! That really hurt!
You die...

#...)#.##.._..#
#....#.####.#.#
#....#.# #..(#
####.#.# #####
#.#.# #.#.#
#.#..
##########.###
.g.g..g@)..#
############


You could see Robin and 2 goblins.

Vanquished Creatures
  A worm (D:2)
  5 bats
  A giant cockroach (D:1)
  6 goblins (D:2)
  2 jackals (D:1)
  4 kobolds (D:1)
  A frilled lizard (D:1)
  A rat (D:1)
21 creatures vanquished.

Notes
Turn   | Place    | Note
-------+----------+-------------------------------------------
     0 | D:1      | galech the Demonspawn Fighter began the quest for the Orb.
     0 | D:1      | Reached XP level 1. HP: 18/18 MP: 1/1
   158 | D:1      | Gained mutation: You have a pair of small antennae on your
                  | head. [demonic ancestry]
   158 | D:1      | Reached XP level 2. HP: 17/24 MP: 2/2
   620 | D:2      | Found an ornate altar of the Wu Jian Council.
   673 | D:2      | Noticed Robin
   682 | D:2      | Slain by Robin

Vault maps used:
D:1:      evilmike_arrival_fibonacci_small
D:2:      minmay_wonky_spiral, lemuel_crystal_altar,
          gammafunk_temple_overflow_forgotten, first_ration,
          uniq_crazy_yiuf_cottage, uniq_natasha, uniq_robin

Skill      XL: |  1  2 |
---------------+-------+-----
Armour         | 3 |  3.1
Axes           | 2 |  2.1
Fighting       | |  3.3
Dodging        | |  0.3
Shields        | |  2.9

Action                   || total
-------------------------++-------
Melee: War axe           ||    63
  Use: Scroll            ||     1
Armor: Scale mail        ||    38
       Plate armour      ||     8
Dodge: Dodged            ||    25
Block: Shield            ||    40

Table legend:
 A = Non-vault XP
 B = Vault XP
 C = Vault XP percentage of total XP
 D = Non-vault monster count
 E = Vault monster count
 F = Vault count percentage of total count
                 A         B        C        D         E       F
            +---------+---------+-------+---------+---------+-------
      Total |      29 |      10 |  25.6 |      16 |       5 |  23.8
            +---------+---------+-------+---------+---------+-------
        D:1 |      20 |       0 |   0.0 |      13 |       0 |   0.0
        D:2 |       9 |      10 |  52.6 |       3 |       5 |  62.5
            +---------+---------+-------+---------+---------+-------
